cohdb
Replays
Latest Replays
All Replays
Popular Replays
Top Player Replays
Match Explorer
How It Works
Community
CoH3 Stats
Reddit
Sign in to upload your games and track your stats! →
Sign in with Steam
Match 45422463
Unlisted
Match 45422463
Overview
Messages
Build Orders
End
Selects Armored Battlegroup
Selects Armored Battlegroup
Selects Armored Battlegroup
Construct Barracks
Engineer Squad
Selects Veteran Crews
Riflemen Squad
Riflemen Squad
Grenade Package
Riflemen Squad
Infantry Support Center
Selects M31 Recovery Vehicle
Construct Weapon Support Center
Construct Medical Station
M3 Armored Personnel Carrier
Mortar Pit
M1918 Browning Automatic Rifles
Selects War Machine
Riflemen Squad
STALKER4732
kit.ohume
Wksh
FartNoise
0
0
Comments
sign in to comment!
No comments posted yet!